 Dungeon Crawl Stone Soup version 0.21-a0-509-gecc5317 (webtiles) character file.

91 BingusPrime the Insei (level 4, 0/28 HPs)
             Began as an Octopode Transmuter on Nov 29, 2017.
             Slain by an adder (3 damage)
             ... on level 2 of the Dungeon.
             The game lasted 00:09:56 (1896 turns).

BingusPrime the Insei (Octopode Transmuter)         Turns: 1896, Time: 00:09:57

Health: 0/28       AC:  1    Str:  9    XL:     4   Next: 57%
Magic:  5/8        EV: 13    Int: 15    God:
Gold:   85         SH:  0    Dex: 13    Spells: 2/8 levels left

rFire    . . .     SeeInvis .     - Unarmed
rCold    . . .     Gourm    .   (no shield)
rNeg     . . .     Faith    .   (helmet restricted)
rPois    .         Spirit   .   j - amulet of harm
rElec    .         Reflect  .   g - +2 ring of slaying
rCorr    .         Harm     +   i - ring of protection from magic
MR       +....                  (no ring)
Stlth    ++........             (no ring)
HPRegen  0.09/turn              (no ring)
MPRegen  0.11/turn              (no ring)
                                (no ring)
                                (no ring)

@: very slightly contaminated
A: almost no armour, stealthy swim, amphibious, 8 rings, constrict 8, camouflage
1, gelatinous body 1
a: no special abilities


You were on level 2 of the Dungeon.
You were not hungry.

You visited 1 branch of the dungeon, and saw 2 of its levels.

You collected 85 gold pieces.

Inventory:

Hand Weapons
 o - a +2 short sword of draining
Missiles
 a - 10 arrows
Jewellery
 g - a +2 ring of slaying (left tentacle)
 i - a ring of protection from magic (right tentacle)
 j - an amulet of harm (around mantle)
 n - a +1 ring of evasion {unknown}
Scrolls
 d - a scroll of amnesia {unknown}
 e - 2 scrolls of identify
 h - a scroll of noise {unknown}
 m - a scroll of fog {unknown}
Potions
 f - a potion of curing {unknown}
 k - a potion of flight {unknown}
 l - 2 potions of haste {unknown}
 p - a potion of lignification {unknown}
 q - a potion of heal wounds {unknown}
Books
 b - a book of Changes

   Spells                             Type                      Level
   a - Beastly Appendage              Transmutation                1
   b - Sticks to Snakes               Transmutation                2
   c - Spider Form                    Transmutation/Poison         3
   d - Ice Form                       Ice/Transmutation            4
   e - Blade Hands                    Transmutation                5


   Skills:
 - Level 1.0 Fighting
 - Level 2.2 Dodging
 + Level 4.3 Unarmed Combat
 + Level 2.8 Spellcasting
 - Level 2.2 Transmutations
 + Level 0.5 Poison Magic


You had 2 spell levels left.
You knew the following spells:

 Your Spells              Type           Power        Failure   Level  Hunger
a - Beastly Appendage     Tmut           #.....       9%          1    #......
b - Spider Form           Tmut/Pois      #.........   34%         3    ###....
c - Sticks to Snakes      Tmut           #.......     12%         2    ##.....


Dungeon Overview and Level Annotations

Branches:
Dungeon (2/15)

Altars:
Ashenzari


Innate Abilities, Weirdness & Mutations

You cannot wear most types of armour.
You are very stealthy in the water. (Stealth+)
You are amphibious.
You can wear up to eight rings at the same time.
You can use your tentacles to constrict eight enemies at once.
Your skin changes colour to match your surroundings (Stealth+).
Your rubbery body absorbs attacks. (AC +1, EV +1)


Message History

Casting: Sticks to Snakes
Confirm with . or Enter, or press ? or * to list all spells.
You create a snake!
You now have 10 arrows.
The adder bites you but does no damage.
Your tentacle spike disappears.
You feel sick. The adder barely misses you.
Your ball python bites the adder.
Your ball python barely misses the adder.
Your ball python bites the adder.
Your ball python closely misses the adder.
The adder barely misses you.
You feel sick.
You are no longer poisoned.
Your ball python misses the adder.
Your ball python barely misses the adder.
The adder misses you.
Your ball python bites the adder but does no damage.
Your ball python misses the adder.
The adder bites you.
You die...

#
............#..#
#####.#.###.#..#
#.#.# #..######
# #.# #.......#
#.# #.####.##
#.# #S# #.# #..
#.# #.# #S# #.#
#@# #.# ###.#
#.# #...# #.#
#.######.#
#.....##.#
#####.##.#
#.##.# #.##.##
#.....#


You could see an adder and a friendly ball python.

Vanquished Creatures
  Terence (D:2)
  2 adders (D:2)
  A worm (D:2)
  2 dart slugs (D:1)
  6 bats (D:1)
  5 giant cockroaches (D:1)
  4 goblins (D:1)
  2 hobgoblins (D:1)
  4 jackals (D:1)
  2 frilled lizards (D:1)
  6 kobolds
  6 rats (D:1)
41 creatures vanquished.

Notes
Turn   | Place    | Note
-------+----------+-------------------------------------------
     0 | D:1      | BingusPrime the Octopode Transmuter began the quest for the Orb.
     0 | D:1      | Reached XP level 1. HP: 13/13 MP: 3/3
   145 | D:1      | Reached XP level 2. HP: 13/18 MP: 3/5
   416 | D:1      | Reached XP level 3. HP: 7/23 MP: 4/6
   421 | D:1      | Learned a level 3 spell: Spider Form
   645 | D:1      | Learned a level 2 spell: Sticks to Snakes
  1475 | D:2      | Found a shattered altar of Ashenzari.
  1687 | D:2      | Reached skill level 4 in Unarmed Combat
  1700 | D:2      | Noticed Terence
  1708 | D:2      | Killed Terence
  1708 | D:2      | Reached XP level 4. HP: 28/28 MP: 0/8
  1896 | D:2      | Slain by an adder

Vault maps used:
D:1:      onia_arrival_mini_maze_b, minmay_nonomino_d4
D:2:      nicolae_overflow_crystal_walls, uniq_crazy_yiuf_cottage, uniq_terence

Skill      XL: |  1  2  3 |
---------------+----------+-----
Unarmed Combat | 4 |  4.3
Fighting       | |  1.0
Dodging        | |  2.2
Spellcasting   | |  2.8
Transmutations | |  2.2
Poison Magic   | |  0.5

Action                   |  1- 3 |  4- 6 || total
-------------------------+-------+-------++-------
Melee: Unarmed           |    86 |     8 ||    94
       Constrict         |    20 |     2 ||    22
       Tentacles         |     7 |       ||     7
       Kick              |    11 |       ||    11
 Cast: Beastly Appendage |    17 |     2 ||    19
       Spider Form       |     6 |       ||     6
       Sticks to Snakes  |     1 |     1 ||     2
  Use: Scroll            |     2 |       ||     2
  Eat: Chunk             |     2 |       ||     2
       Bread ration      |       |     1 ||     1
Armor: Skin              |    10 |     1 ||    11
Dodge: Dodged            |    53 |    11 ||    64

Table legend:
 A = Spawn XP
 B = Non-spawn XP
 C = Spawn XP percentage of total XP
 D = Spawn monster count
 E = Non-spawn monster count
 F = Spawn count percentage of total count
 G = Total turns spent on level
                    A         B        C        D         E        F      G
               +---------+---------+-------+---------+---------+-------+---------
         Total |       0 |     130 |   0.0 |       0 |      41 |   0.0 |  1896
               +---------+---------+-------+---------+---------+-------+---------
           D:1 |       0 |      61 |   0.0 |       0 |      36 |   0.0 |  1471
           D:2 |       0 |      69 |   0.0 |       0 |       5 |   0.0 |   425
               +---------+---------+-------+---------+---------+-------+---------
